 Dungeon Crawl Stone Soup version 0.27.0-1-g7a089689b8 (webtiles) character file.

Game seed: 7383015291618560012

144 x13thangelx the Caller (level 5, -2/48 HPs)
             Began as a Merfolk Summoner on Aug 8, 2021.
             Was a Believer of Hepliaklqana.
             Succumbed to a water moccasin's poison
             ... on level 3 of the Dungeon.
             The game lasted 00:19:49 (3337 turns).

x13thangelx the Caller (Merfolk Summoner)           Turns: 3337, Time: 00:19:50

Health: -2/48      AC: 22    Str:  9    XL:     5   Next: 27%
Magic:  7/9        EV:  2    Int: 15    God:    Hepliaklqana [**....]
Gold:   73         SH:  0    Dex: 20    Spells: 7/10 levels left

rFire    . . .     SeeInvis .   c - +5 hunting sling
rCold    + . .     Faith    .   (no shield)
rNeg     + + +     Spirit   .   (armour currently unavailable)
rPois    +         Reflect  .   (helmet currently unavailable)
rElec    .         Harm     .   (cloak currently unavailable)
rCorr    .         Rampage  .   (gloves currently unavailable)
Will     .....     NoTele   +   (boots currently unavailable)
Stlth    ++........             (no amulet)
HPRegen  0.16/turn              f - ring of protection from cold
MPRegen  0.11/turn              i - +6 ring of dexterity

@: lethally poisoned (-2 -> -13), tree-form
A: stationary, stasis, torment immunity, boosted hp, reduced essence, (nimble
swimmer 2), (mertail)
a: Renounce Religion, Ancestor Life: Knight, Ancestor Life: Battlemage, Ancestor
Life: Hexer, Recall Ancestor, Ancestor Identity


You were on level 3 of the Dungeon.
You worshipped Hepliaklqana.
Hepliaklqana was pleased with you.
You were a tree.
You visited 1 branch of the dungeon, and saw 3 of its levels.

You collected 73 gold pieces.

Inventory:

Hand Weapons
 b - a +0 whip
 c - a +5 hunting sling (weapon)
Missiles
 d - 76 stones (quivered ammo)
Armour
 a - a +0 robe (melded)
Jewellery
 f - a ring of protection from cold (left branch)
 i - a +6 ring of dexterity (right branch)
Potions
 e - 2 potions of mutation {unknown}
 g - a potion of haste
 h - a potion of lignification


   Skills:
 + Level 0.9 Fighting
 + Level 0.5 Maces & Flails
 + Level 1.5 Slings
 + Level 3.1 Dodging
 + Level 2.3 Stealth
 + Level 3.2 Spellcasting
 + Level 4.6 Summonings


You had 7 spell levels left.
You knew the following spells:

 Your Spells              Type           Power      Damage    Failure   Level
a - Summon Small Mammal   Summ           64%        N/A       3%          1
b - Call Imp              Summ           16%        N/A       4%          2

Your spell library contained the following spells:

 Spells                   Type           Power      Damage    Failure   Level
 Call Canine Familiar     Summ           16%        N/A       9%          3
 Summon Guardian Golem    Hex/Summ       9%         N/A       22%         3
 Summon Lightning Spire   Summ/Air       9%         N/A       58%         4
 Summon Forest            Summ/Tloc      4%         N/A       91%         5
 Summon Mana Viper        Hex/Summ       9%         N/A       91%         5
 Shadow Creatures         Summ           N/A        N/A       99%         6


Dungeon Overview and Level Annotations

Branches:
Dungeon (3/15)

Altars:
Hepliaklqana


Innate Abilities, Weirdness & Mutations

You are a tree.
Your roots penetrate the ground, keeping you stationary.
You cannot be teleported.
You are immune to unholy pain and torment.
Your maximum health is greatly increased.
Your equipment is partially melded.
Your life essence is reduced to manifest your ancestor. (-10% HP)
((You are quick and stealthy near water. (Stealth+, EV+, Speed+++)))
((Your lower body shifts to a powerful aquatic tail in water.))


Message History

Your crimson imp blinks!
Really fire in your crimson imp's direction?
Okay, then.
The adder closely misses Zorana.
Zorana misses the adder.
The water moccasin bites Zorana.
Your crimson imp hits the adder.
Zorana barely misses the adder.
Your crimson imp barely misses the water moccasin.
Your crimson imp hits the adder.
The adder dies!
Zorana hits the water moccasin.
The water moccasin closely misses your crimson imp.
The water moccasin barely misses your crimson imp.
Zorana closely misses the water moccasin.
Your crimson imp disappears in a puff of smoke!
You swap places.
Something bites your crimson imp but does no damage.
Ancestor HP restored.
A water moccasin is nearby!
Something bites your crimson imp.
You shoot a stone. The stone hits the water moccasin.
The water moccasin is moderately wounded.
You shoot a stone.
The stone hits the water moccasin but does no damage.
The water moccasin is moderately wounded.
The water moccasin bites you.
You swap places.
Zorana hits the water moccasin.
The water moccasin barely misses you.
Zorana closely misses the water moccasin.
Your crimson imp closely misses the water moccasin.
The water moccasin bites you!
* * * LOW HITPOINT WARNING * * *
Zorana closely misses the water moccasin.
Your crimson imp barely misses the water moccasin.
The water moccasin bites you!
* * * LOW HITPOINT WARNING * * *
You are lethally poisoned!
The water moccasin poisons you!
It was a potion of lignification.
You turn into a tree.
Your +0 robe melds into your body.
Your roots penetrate the ground.
You die...

.# ## #..# #.....#
...##..# #..#########
....#.#####..##.## #
#.#.#..........#.##### #
#.#<#.# #...........
#.#.....#####.###.######
. #....#........###.# ..
#.....###.......# #.
#.#.#♣# #.####### .. ..
#(#S# #.#
.#.#>####(#5###.#
........[.R.....#
............#####
#############


You could see the friendly Zorana the ancestor, a water moccasin (ally target)
and a friendly crimson imp (summoned).

Vanquished Creatures
  Jessica (D:3)
  An adder (D:2)
  2 ball pythons
  5 bats (D:1)
  An endoplasm (D:1)
  5 goblins (D:1)
  2 hobgoblins (D:1)
  2 jackals (D:1)
  2 kobolds (D:1)
  A rat (D:1)
22 creatures vanquished.

Vanquished Creatures (collateral kills)
  A phantom (D:2)
  2 adders
  An adder skeleton (D:2)
  A worm (D:3)
  2 dart slugs
  An orc (D:3)
  A ball python (D:3)
  3 endoplasms
  2 giant cockroaches (D:2)
  2 goblins (D:2)
  2 hobgoblins
  3 jackals (D:2)
  3 quokkas (D:2)
  4 bats
  A frilled lizard (D:2)
  3 kobolds
  A rat (D:2)
33 creatures vanquished.

Vanquished Creatures (others)
  An ancestor (D:3)
1 creature vanquished.

Grand Total: 56 creatures vanquished

Notes
Turn   | Place    | Note
-------+----------+-------------------------------------------
     0 | D:1      | x13thangelx the Merfolk Summoner began the quest for the
                  | Orb.
     0 | D:1      | Reached XP level 1. HP: 13/13 MP: 3/3
   471 | D:1      | Reached XP level 2. HP: 19/19 MP: 5/5
   775 | D:1      | Found a faded altar of an unknown god.
   781 | D:1      | Reached XP level 3. HP: 24/24 MP: 6/6
  1025 | D:2      | Learned a level 2 spell: Call Imp
  1064 | D:1      | Became a worshipper of Hepliaklqana the Forgotten
  1064 | D:1      | Reached * piety under Hepliaklqana
  1088 | D:2      | Noticed a phantom
  1123 | D:2      | Killed a phantom
  1124 | D:2      | Reached skill level 1 in Slings
  1124 | D:2      | Reached XP level 4. HP: 3/27 MP: 1/7
  2143 | D:2      | Reached ** piety under Hepliaklqana
  3152 | D:3      | Noticed Jessica
  3154 | D:3      | Killed Jessica
  3155 | D:3      | Reached XP level 5. HP: 32/32 MP: 9/9
  3317 | D:3      | Noticed a water moccasin
  3336 | D:3      | HP: 1/32 [water moccasin (8)]
  3337 | D:3      | Succumbed to a water moccasin's poison

Illustrated notes

Levels and vault maps discovered:
D:1:      dpeg_arrival_boxorama, layout_rooms, hellmonk_ecumenical_altar_zigzags
D:2:      layout_basic, wander_ebering_terrifying_dragon_lair
D:3:      minmay_general_purpose_star, layout_loops_ring,
          chequers_temple_overflow_statue_of_worship, uniq_ijyb, uniq_terence,
          uniq_jessica, uniq_grinder

Skill      XL: |  1  2  3  4 |
---------------+-------------+-----
Dodging        | 3 |  3.1
Slings         | 1 |  1.5
Spellcasting   | 3 |  3.2
Fighting       | |  0.9
Maces & Flails | |  0.5
Stealth        | |  2.3
Summonings     | |  4.6

Action                   |  1- 3 |  4- 6 || total
-------------------------+-------+-------++-------
Melee: Unarmed           |     6 |       ||     6
       Whip              |     5 |       ||     5
       Hunting sling     |    11 |     5 ||    16
 Fire: Hunting sling     |    37 |    10 ||    47
 Cast: Summon Small Mamm |    11 |       ||    11
       Call Imp          |     4 |    46 ||    50
  Use: Potion            |     1 |     1 ||     2
       Scroll            |       |     2 ||     2
 Stab: Sleeping          |     1 |       ||     1
Armor: Robe              |     9 |     5 ||    14
Dodge: Dodged            |    30 |    29 ||    59
